 Dungeon Crawl Stone Soup version 0.21.1-1-g345015f (webtiles) character file.

105 shakethe the Firebug (level 4, -10/24 HPs)
             Began as a Gargoyle Fire Elementalist on Feb 8, 2018.
             Killed from afar by shakethe's ghost (12 damage)
             ... with a flame tongue
             ... on level 3 of the Dungeon on Feb 9, 2018.
             The game lasted 00:09:37 (2289 turns).

shakethe the Firebug (Gargoyle Fire Elementalist)   Turns: 2289, Time: 00:09:37

Health: -10/24     AC:  5    Str: 13    XL:     4   Next: 81%
Magic:  8/8        EV: 12    Int: 17    God:
Gold:   178        SH:  0    Dex: 10    Spells: 5/9 levels left

rFire    . . .     SeeInvis .   l - +0 whip (curse)
rCold    . . .     Gourm    .   (no shield)
rNeg     + . .     Faith    .   a - +0 robe
rPois    ∞         Spirit   .   (no helmet)
rElec    +         Reflect  .   (no cloak)
rCorr    .         Harm     .   (no gloves)
MR       .....                  (no boots)
Stlth    ++........             i - amulet of regeneration {+regen, !d}
HPRegen  0.48/turn              o - +2 ring of strength
MPRegen  0.11/turn              (no ring)

@: no status effects
A: negative energy resistance 1, electricity resistance, unbreathing,
petrification resistance, rot immunity, AC +3
a: no special abilities


You were on level 3 of the Dungeon.
You were not hungry.

You visited 1 branch of the dungeon, and saw 3 of its levels.

You collected 178 gold pieces.

Inventory:

Hand Weapons
 l - a cursed +0 whip (weapon)
   (You found it on level 2 of the Dungeon)
Armour
 a - a +0 robe (worn)
Jewellery
 i - an amulet of regeneration (around neck) {+regen, !d}
   (You found it on level 1 of the Dungeon)
 o - a +2 ring of strength (left hand)
   (You found it on level 2 of the Dungeon)
Scrolls
 d - 2 scrolls of amnesia {unknown}
 j - 3 scrolls of remove curse {unknown}
 k - a scroll of blinking {unknown}
 n - 7 scrolls of identify {unknown}
Potions
 e - a potion of brilliance {unknown}
 f - 2 potions of heal wounds {unknown}
 h - 2 potions of agility {unknown}
 m - a potion of invisibility {unknown}
 p - 2 potions of curing {unknown}
 q - a potion of lignification {unknown}
Books
 b - a book of Flames
Comestibles
 c - 9 rations
 g - 11 chunks of flesh {@w0}


   Skills:
 - Level 1.5 Dodging
 - Level 2.1 Stealth
 + Level 3.0 Spellcasting
 + Level 2.8 Conjurations
 + Level 3.9 Fire Magic


You had 5 spell levels left.
You knew the following spells:

 Your Spells              Type           Power        Failure   Level  Hunger
a - Flame Tongue          Conj/Fire      ##...        4%          1    None
c - Conjure Flame         Conj/Fire      ##......     13%         3    ###....


Dungeon Overview and Level Annotations

Branches:
Dungeon (3/15)

Altars:

Annotations:
D:2 exclusion: scorpion
D:3 shakethe's ghost, amateur GrFE


Innate Abilities, Weirdness & Mutations

You are resistant to torment.
Your stone body is resilient. (AC +3)
You are immune to poison.
You resist negative energy. (rN+)
You are resistant to electric shocks. (rElec)
You can survive without breathing.
You are immune to petrification.
You are immune to rotting.


Message History

You enter the shallow water.
Moving in this stuff is going to be slow.
Why would you want to do that? Why would you want to do that?
Why would you want to do that? Why would you want to do that?
q - a sedimented blue potion
n - 7 scrolls labeled LUMYHOU SEPUIB (gained 1)
Things that are here:
a club; a leather armour MP restored: 8 You see here a quokka skeleton.
You enter the shallow water.
Moving in this stuff is going to be slow.
The dart slug is too close now for your liking.
A dart slug is nearby!
You see here 30 bolts.
A frilled lizard and a dart slug come into view.
The dart slug launches a dart at you. The slug dart hits you!
You see here 15 gold pieces.
The goblin shouts!
You see here 30 bolts.
Why would you want to do that?
You enter the shallow water.
Moving in this stuff is going to be slow.
Aim: a goblin, wielding a dagger The flame tongue hits the goblin.
You kill the goblin!
You hear a splash.
You now have 7/8 mp.
You see here 30 bolts.
The frilled lizard hisses angrily.
The dart slug launches a dart at you. The slug dart hits you!
You see here 15 gold pieces.
The frilled lizard unfolds its giant frill.
Aim: a dart slug The flame tongue hits the dart slug.
You kill the dart slug!
You now have 6/8 mp.
You see here a dart slug corpse.
You butcher the dart slug corpse.
You see here a chunk of flesh {@w0}.
The frilled lizard bites you but does no damage.
You see here a longbow.
You see here 12 gold pieces.
Aim: a frilled lizard The flame tongue hits the frilled lizard.
You kill the frilled lizard!
You now have 6/8 mp.
You see here a longbow.
g - 11 chunks of flesh {@w0} (gained 1)
You see here 15 gold pieces.
You see here a longbow.
There is a stone staircase leading up here.
MP restored: 8
j - 3 scrolls labeled JOAF FURUEHUS (gained 1)
You now have 172 gold pieces (gained 12).
You see here a longbow.
You enter the shallow water.
Moving in this stuff is going to be slow.
Found a stone staircase leading down.
Aim: a dart slug The flame tongue hits the dart slug.
You now have 7/8 mp.
Aim: a dart slug (heavily wounded)
The flame tongue hits the dart slug.
The dart slug is engulfed in a cloud of scalding steam.
You kill the dart slug!
You now have 6/8 mp.
You are engulfed in a cloud of scalding steam.
You take 3 damage, and have 21/24 hp.
Why would you want to do that?
c - 9 rations (gained 1)
p - 2 smoky orange potions (gained 1)
You now have 178 gold pieces (gained 6).
Health restored: 24; MP restored: 8 A centaur comes into view.
Shakethe's ghost turns its malevolent gaze towards you.
The centaur shouts!
You hear a shout! x2
The centaur wields a shortbow.
The centaur shoots an arrow.
The arrow hits you!
You see here an arrow.
You take 10 damage, and have 14/24 hp.
MASSIVE DAMAGE!!
The centaur shoots an arrow.
The arrow closely misses you.
Unknown command.
The orc shouts!
The orc priest shouts!
You hear a shout! x2
The centaur shoots an arrow.
The arrow hits you!
* * * LOW HITPOINT WARNING * * *
A gnoll comes into view. It is wielding a club.
You see here an arrow.
You take 11 damage, and have 7/24 hp.
MASSIVE DAMAGE!!
The centaur shoots an arrow.
The arrow hits you.
* * * LOW HITPOINT WARNING * * *
Shakethe's ghost points at you and mumbles some strange words.
The flame tongue hits you!
Ouch! That really hurt!
You die...

.≈≈≈#.≈≈...≈≈.$≈#≈....###. o
.≈≈#≈≈≈#≈≈≈≈≈≈≈#≈≈..#..# o
#≈≈≈≈≈≈≈#≈≈≈≈≈≈≈......## o
##.≈≈≈≈≈≈≈≈≈≈≈≈≈.......##. .
#.#.#≈≈≈≈≈≈≈≈≈≈≈≈≈...........##o
#.....≈≈≈≈≈≈≈≈≈≈≈.............<.
#.#.#...≈≈≈≈≈≈≈...#............#
#...##.#.≈≈.≈≈#(..o.o..........#
#...###.....W.@.o..............
#....#.##.........#...$.......
#........c##...............%..
####.....##........g..(....<..
#....###........o..!......#
#.....(#..........
#....#............
########.....$###. ......


You could see a centaur, an orc priest, shakethe's ghost, a gnoll and 3 orcs.

Vanquished Creatures
  3 adders
  12 dart slugs
  A ball python (D:1)
  7 bats
  3 giant cockroaches
  10 hobgoblins
  A quokka (D:3)
  4 frilled lizards
  5 goblins
  4 kobolds
  5 rats
55 creatures vanquished.

Notes
Turn   | Place    | Note
-------+----------+-------------------------------------------
     0 | D:1      | shakethe the Gargoyle Fire Elementalist began the quest for the Orb.
     0 | D:1      | Reached XP level 1. HP: 10/10 MP: 3/3
   158 | D:1      | Reached XP level 2. HP: 14/15 MP: 5/5
   647 | D:1      | Reached skill level 2 in Conjurations
   647 | D:1      | Reached XP level 3. HP: 18/19 MP: 0/6
   891 | D:2      | Noticed a scorpion
  1432 | D:2      | Learned a level 3 spell: Conjure Flame
  1586 | D:2      | Reached XP level 4. HP: 24/24 MP: 8/8
  1787 | D:3      | Noticed shakethe's ghost (amateur GrFE)
  1990 | D:2      | Reached skill level 3 in Spellcasting
  2279 | D:3      | Noticed a centaur
  2289 | D:3      | HP: 2/24 [centaur/arrow (6)]
  2289 | D:3      | Killed from afar by shakethe's ghost

Skill      XL: |  1  2  3  4 |
---------------+-------------+-----
Conjurations   | 2 |  2.8
Spellcasting   | 3 |  3.0
Dodging        | |  1.5
Stealth        | |  2.1
Fire Magic     | |  3.9

Action                   |  1- 3 |  4- 6 || total
-------------------------+-------+-------++-------
Melee: Unarmed           |    20 |       ||    20
       Club              |    75 |       ||    75
       Whip              |     1 |    40 ||    41
 Cast: Flame Tongue      |    46 |    34 ||    80
 Stab: Sleeping          |     2 |       ||     2
  Eat: Chunk             |     2 |     3 ||     5
Armor: Robe              |    46 |    20 ||    66
Dodge: Dodged            |   114 |    40 ||   154

Vault maps used:
D:1:      onia_arrival_pyramid, serial_forest, infiniplex_forest_lined_room_,
          infiniplex_forest_clump_diagonal, infiniplex_forest_straight_5,
          infiniplex_forest_lined_corner, infiniplex_forest_corner_2,
          infiniplex_forest_straight_1, infiniplex_forest_straight_3,
          minmay_pentomino_v2
D:2:      kennysheep_doodads, nrook_mini_backslash
D:3:      kennysheep_slugbush, first_ration, minmay_quantized, uniq_robin

Table legend:
 A = Turns spent in this place as a percentage of turns spent in the entire game.
 B = Non-inter-level travel turns spent in this place as a percentage of non-inter-level travel turns spent in the entire game.
 C = Inter-level travel turns spent in this place as a percentage of turns spent in this place.
 D = Turns resting spent in this place as a percentage of non-inter-level travel turns spent in this place.
 E = Turns spent auto-exploring this place as a percentage of non-inter-level travel turns spent in this place.
 F = Non-inter-level travel turns spent in this place divided by the number of levels of this place that you've seen.
                   A       B       C       D       E      F
               +-------+-------+-------+-------+-------+----------------------
         Total | 100.0 | 100.0 |   1.4 |  11.3 |  51.5 | 752.0
       Dungeon | 100.0 | 100.0 |   1.4 |  11.3 |  51.5 | 752.0
               +-------+-------+-------+-------+-------+----------------------

Table legend:
 A = Kills in this place as a percentage of kills in entire the game.
 B = Kills by you in this place as a percentage of kills by you in the entire game.
 C = Kills by friends in this place as a percentage of kills by friends in the entire game.
 D = Other kills in this place as a percentage of other kills in the entire game.
 E = Experience gained in this place as a percentage of experience gained in the entire game.
 F = Experience gained in this place divided by the number of levels of this place that you have seen.
                   A       B       C       D       E      F
               +-------+-------+-------+-------+-------+----------------------
         Total | 100.0 | 100.0 |   N/A |   N/A | 100.0 |  50.0
       Dungeon | 100.0 | 100.0 |   N/A |   N/A | 100.0 |  50.0
               +-------+-------+-------+-------+-------+----------------------
